 Dungeon Crawl Stone Soup version 0.25-b1-41-g19641232cd (webtiles) character file.

Game seed: 5223606697642638694

728767 Delamore the Gargoyle Barricade (level 27, -4/228 HPs)
             Began as a Gargoyle Fighter on June 8, 2020.
             Was the Champion of the Shining One.
             Killed by divine providence
             ... invoked by a mummy priest
              (15 damage)
             ... on level 2 of the Tomb of the Ancients.
             The game lasted 03:27:05 (73895 turns).

Delamore the Gargoyle Barricade (Gargoyle Fighter) Turns: 73895, Time: 03:27:09

Health: -4/228     AC: 60    Str: 35      XL:     27
Magic:  44/44      EV: 15    Int: 23 (24) God:    the Shining One [******]
Gold:   6784       SH: 55    Dex: 18      Spells: 26/26 levels left

rFire    + + .     SeeInvis +   c - +10 eveningstar of the Thing {holy, Int+6 Dex-4}
rCold    + + .     Gourm    .   V - +13 tower shield of the Forsaken Spines {MR+ Dex+4}
rNeg     + + +     Faith    .   O - +6 crystal plate armour of the Desert {Int+5}
rPois    ∞         Spirit   .   M - +1 helmet "Nahaim" {rF+ rCorr}
rElec    +         Reflect  .   g - scarf {rC+ rF+}
rCorr    +         Harm     .   m - +1 pair of gloves {Dex+3}
MR       +++++                  R - +2 pair of boots {run}
Stlth    ..........             y - amulet "Kioliaps" {Acrobat Fragile Str+2 Dex+4 Slay+2}
HPRegen  0.48/turn              l - ring of Vamoacu {rElec MR+ Str+6 SInv}
MPRegen  0.29/turn              L - ring "Jotz" {MP+9 Int+2 Slay+3}

@: mighty, berserking, divine shield, fainting, glowing, very quick
A: big wings, blurry vision 1, clumsy 1, cold resistance 1, deformed body,
deterioration 1, frail 2, magic resistance 2, negative energy resistance 1,
screaming 1, electricity resistance, unbreathing, petrification resistance, rot
immunity, subdued magic 1, AC +20
}: 5/15 runes: decaying, slimy, silver, abyssal, gossamer
a: Fly, Divine Shield, Cleansing Flame, Summon Divine Warrior, Brand Weapon With
Holy Wrath, Renounce Religion


You were on level 2 of the Tomb of the Ancients.
You worshipped the Shining One.
The Shining One was exalted by your worship.
You were fainting.

You visited 12 branches of the dungeon, and saw 55 of its levels.
You visited the Abyss 1 time.
You visited 2 bazaars.
You also visited: Bailey, Ice Cave, Volcano and Wizlab.

You collected 8946 gold pieces.
You spent 2162 gold pieces at shops.

Inventory:

Hand Weapons
 c - the +10 eveningstar of the Thing (weapon) {holy, Int+6 Dex-4}
   (You found it on level 5 of the Vaults)

   It has been blessed by the Shining One to cause great damage to the undead
   and demons.
   It affects your intelligence (+6).
   It affects your dexterity (-4).
 H - the +5 whip of Cablisaqik {antimagic, Int+3 SInv Stlth+}
   (You found it on level 3 of the Elven Halls)

   It reduces the magical energy of the wielder, and disrupts the spells and
   magical abilities of those hit.
   Natural abilities and divine invocations are not affected.
   It affects your intelligence (+3).
   It lets you see invisible.
   It makes you more stealthy.
 Q - the +10 morningstar of Saefedai {freeze, rPois}
   (Okawaru gifted it to you on level 4 of the Depths)

   It has been specially enchanted to freeze those struck by it, causing extra
   injury to most foes and up to half again as much damage against particularly
   susceptible opponents.
   It can also slow down cold-blooded creatures.
   It protects you from poison.
Missiles
 J - 16 silver javelins (quivered)
Armour
 g - a scarf of resistance (worn)
 k - a +1 cloak of magic resistance
 m - a +1 pair of gloves of dexterity (worn)
 M - the +1 helmet "Nahaim" (worn) {rF+ rCorr}
   (Okawaru gifted it to you on level 2 of the Swamp)

   It protects you from fire.
   It provides partial protection from all sources of acid and corrosion.
 O - the +6 crystal plate armour of the Desert (worn) {Int+5}
   (Okawaru gifted it to you on level 1 of the Vaults)

   It affects your intelligence (+5).
 R - a +2 pair of boots of running (worn)
 V - the +13 tower shield of the Forsaken Spines (worn) {MR+ Dex+4}
   (You took it off Mennas on level 4 of the Vaults)

   It affects your dexterity (+4).
   It affects your resistance to hostile enchantments.
Jewellery
 l - the ring of Vamoacu (left hand) {rElec MR+ Str+6 SInv}
   (You bought it in a shop on level 4 of the Vaults)

   [ring of protection from magic]

   It affects your strength (+6).
   It insulates you from electricity.
   It affects your resistance to hostile enchantments.
   It lets you see invisible.
 y - the amulet "Kioliaps" (around neck) {Acrobat Fragile Str+2 Dex+4 Slay+2}
   (You found it on level 3 of the Swamp)

   [amulet of the acrobat]

   It helps you evade while moving and waiting.
   It affects your strength (+2).
   It affects your dexterity (+4).
   It affects your accuracy and damage with ranged weapons and melee attacks
   (+2).
   It will be destroyed if unequipped.
 L - the ring "Jotz" (right hand) {MP+9 Int+2 Slay+3}
   (You found it on level 3 of the Elven Halls)

   [ring of magical power]

   It affects your intelligence (+2).
   It affects your accuracy and damage with ranged weapons and melee attacks
   (+3).
   It affects your magic capacity (+9).
Wands
 a - a wand of enslavement (9)
 b - a wand of digging (20)
 p - a wand of flame (98)
 q - a wand of paralysis (25)
 u - a wand of polymorph (37)
 F - a wand of iceblast (33)
 N - a wand of acid (7)
 P - a wand of disintegration (46)
Scrolls
 i - 7 scrolls of fog
 s - a scroll of torment
 t - 20 scrolls of identify
 v - a scroll of holy word
 x - 8 scrolls of magic mapping
 B - 29 scrolls of teleportation
 C - 2 scrolls of silence
 D - 32 scrolls of remove curse
 E - 16 scrolls of enchant armour
 I - 5 scrolls of fear
 K - 7 scrolls of blinking
 X - 7 scrolls of enchant weapon
 Z - 5 scrolls of summoning
Potions
 d - 2 potions of might
 j - 8 potions of resistance
 n - 24 potions of curing
 o - 8 potions of haste
 z - 2 potions of mutation
 S - 2 potions of cancellation
 U - 6 potions of heal wounds
 Y - 4 potions of berserk rage
Comestibles
 f - 92 rations


   Skills:
 - Level 24.3 Fighting
 - Level 16.0 Maces & Flails
 - Level 25.3 Armour
 - Level 10.7 Dodging
 O Level 27 Shields
 + Level 17.4 Invocations
 - Level 7.0 Evocations


You had 26 spell levels left.
You didn't know any spells.
Your spell library contained the following spells:

 Spells                   Type           Power        Failure   Level  Hunger
 Apportation              Tloc           #.....       54%         1    ##.....
 Beastly Appendage        Tmut           #.....       54%         1    ##.....
 Corona                   Hex            #......      54%         1    ##.....
 Foxfire                  Conj/Fire      #...         54%         1    ##.....
 Freeze                   Ice            #...         54%         1    ##.....
 Infusion                 Chrm           #...         54%         1    ##.....
 Magic Dart               Conj           #...         54%         1    ##.....
 Sandblast                Erth           #.....       54%         1    ##.....
 Shock                    Conj/Air       #...         54%         1    ##.....
 Summon Butterflies       Summ           #.......     54%         1    ##.....
 Summon Small Mammal      Summ           #...         54%         1    ##.....
 Blink                    Tloc           N/A          71%         2    ###....
 Call Imp                 Summ           #.......     71%         2    ###....
 Corpse Rot               Necr/Air       N/A          71%         2    ###....
 Ensorcelled Hibernation  Hex/Ice        #.....       71%         2    ###....
 Passwall                 Tmut/Erth      #.......     71%         2    ###....
 Searing Ray              Conj           #.....       71%         2    ###....
 Shroud of Golubria       Chrm/Tloc      #.....       71%         2    ###....
 Slow                     Hex            #.......     71%         2    ###....
 Song of Slaying          Chrm           #.......     71%         2    ###....
 Sticks to Snakes         Tmut           #.......     71%         2    ###....
 Swiftness                Chrm/Air       #.......     71%         2    ###....
 Call Canine Familiar     Summ           #.......     90%         3    ####...
 Confusing Touch          Hex            #.......     90%         3    ####...
 Conjure Flame            Conj/Fire      #.......     90%         3    ####...
 Dazzling Flash           Conj/Hex       #.....       90%         3    ####...
 Frozen Ramparts          Ice            #.....       90%         3    ####...
 Gell's Gravitas          Tloc           #.........   90%         3    ####...
 Inner Flame              Hex/Fire       #.......     90%         3    ####...
 Lesser Beckoning         Tloc           #.........   90%         3    ####...
 Mephitic Cloud           Conj/Pois/Air  #.......     90%         3    ####...
 Ozocubu's Armour         Chrm/Ice       #.......     90%         3    ####...
 Portal Projectile        Hex/Tloc       #.....       90%         3    ####...
 Recall                   Summ/Tloc      N/A          90%         3    ####...
 Spectral Weapon          Hex/Chrm       #.......     90%         3    ####...
 Spider Form              Tmut/Pois      #.........   90%         3    ####...
 Static Discharge         Conj/Air       #.......     90%         3    ####...
 Stone Arrow              Conj/Erth      #.....       90%         3    ####...
 Summon Guardian Golem    Hex/Summ       #.......     90%         3    ####...
 Teleport Other           Tloc           #.......     90%         3    ####...
 Tukima's Dance           Hex            #.......     90%         3    ####...
 Airstrike                Air            #.........   100%        4    #####..
 Cause Fear               Hex            #.........   100%        4    #####..
 Dispel Undead            Necr           #.......     100%        4    #####..
 Fulminant Prism          Conj/Hex       #.........   100%        4    #####..
 Hailstorm                Conj/Ice       #.......     100%        4    #####..
 Ice Form                 Ice/Tmut       #.......     100%        4    #####..
 Iskenderun's Mystic Bla  Conj/Tloc      #.......     100%        4    #####..
 Leda's Liquefaction      Hex/Erth       #.........   100%        4    #####..
 Passage of Golubria      Tloc           N/A          100%        4    #####..
 Petrify                  Tmut/Erth      #.......     100%        4    #####..
 Sticky Flame             Conj/Fire      #.......     100%        4    #####..
 Summon Ice Beast         Ice/Summ       #.......     100%        4    #####..
 Summon Lightning Spire   Summ/Air       #.......     100%        4    #####..
 Agony                    Necr           #.......     100%        5    ######.
 Alistair's Intoxication  Tmut/Pois      #.......     100%        5    ######.
 Aura of Abjuration       Summ           #.........   100%        5    ######.
 Blade Hands              Tmut           #.........   100%        5    ######.
 Bolt of Magma            Conj/Fire/Erth #.........   100%        5    ######.
 Borgnjor's Vile Clutch   Necr/Erth      #.........   100%        5    ######.
 Excruciating Wounds      Chrm/Necr      #.........   100%        5    ######.
 Fireball                 Conj/Fire      #.........   100%        5    ######.
 Irradiate                Conj/Tmut      #.........   100%        5    ######.
 Iskenderun's Battlesphe  Conj/Chrm      #.......     100%        5    ######.
 Lee's Rapid Deconstruct  Erth           #.........   100%        5    ######.
 Lightning Bolt           Conj/Air       #.........   100%        5    ######.
 Metabolic Englaciation   Hex/Ice        #.........   100%        5    ######.
 Silence                  Hex/Air        #.........   100%        5    ######.
 Summon Demon             Summ           #.........   100%        5    ######.
 Summon Forest            Summ/Tloc      #.........   100%        5    ######.
 Summon Mana Viper        Hex/Summ       #.......     100%        5    ######.
 Yara's Violent Unravell  Hex/Tmut       #.........   100%        5    ######.
 Conjure Ball Lightning   Conj/Air       #.........   100%        6    #######
 Darkness                 Hex            #.........   100%        6    #######
 Dispersal                Tloc           #.........   100%        6    #######
 Hydra Form               Tmut           #.........   100%        6    #######
 Invisibility             Hex            #.......     100%        6    #######
 Iron Shot                Conj/Erth      #.........   100%        6    #######
 Shadow Creatures         Summ           N/A          100%        6    #######
 Dragon Form              Tmut           #.........   100%        7    #######
 Haunt                    Necr/Summ      #.........   100%        7    #######
 Orb of Destruction       Conj           #.........   100%        7    #######
 Spellforged Servitor     Conj/Summ      #.........   100%        7    #######
 Borgnjor's Revivificati  Necr           #.........   100%        8    #######
 Chain Lightning          Conj/Air       #.........   100%        8    #######
 Controlled Blink         Tloc           N/A          100%        8    #######
 Death's Door             Chrm/Necr      #.........   100%        8    #######
 Discord                  Hex            #.........   100%        8    #######
 Disjunction              Tloc           #.........   100%        8    #######
 Ignition                 Fire           #.........   100%        8    #######
 Infestation              Necr           #.........   100%        8    #######
 Lehudib's Crystal Spear  Conj/Erth      #.........   100%        8    #######
 Necromutation            Tmut/Necr      #.........   100%        8    #######
 Absolute Zero            Ice            #.........   100%        9    #######
 Fire Storm               Conj/Fire      #.........   100%        9    #######
 Shatter                  Erth           #.........   100%        9    #######
 Tornado                  Air            #.........   100%        9    #######
 Sublimation of Blood     Necr           Unusable     N/A         2    N/A
 Statue Form              Tmut/Erth      Unusable     N/A         6    N/A

Dungeon Overview and Level Annotations

Branches:
Dungeon (15/15)            Temple (1/1) D:5            Lair (6/6) D:9
  Swamp (4/4) Lair:4       Spider (4/4) Lair:3        Slime (5/5) Lair:6
    Orc (2/2) D:9             Elf (3/3) Orc:2        Vaults (5/5) D:14
  Crypt (3/3) Vaults:2       Tomb (2/3) Crypt:3      Depths (5/5) D:15
    Zot (0/5) Depths:5     Bailey (visited)           IceCv (visited)
Volcano (visited)          WizLab (visited)

Altars:
Cheibriados
Dithmenos
Elyvilon
Gozag
Hepliaklqana
Kikubaaqudgha
Nemelex Xobeh
Okawaru
Ru
Trog
Vehumet
Xom
The Shining One
Beogh
Jiyva

Shops:
D:5 [   D:6 (   D:8 :   D:14 *   Orc:2 ([*=   Vaults:4 *   Depths:3 [%*(

Portals:
Hell: Depths:1 Depths:2 Depths:3 Depths:4 Depths:5
Abyss: Depths:2 Depths:3 Depths:4 Depths:5
Pandemonium: Depths:3 Depths:4
Ziggurat: Depths:1

Annotations:
Tomb:2 Frederick


Innate Abilities, Weirdness & Mutations

You are resistant to torment.
Your stone body is resilient. (AC +20)
You are immune to poison.
Your large and strong wings let you fly indefinitely.
You resist negative energy. (rN+)
You are resistant to electric shocks. (rElec)
You can survive without breathing.
You are immune to petrification.
You are immune to rotting.
Scrolls take you a little longer to read.
You are clumsy. (Dex -2)
Your flesh is cold resistant. (rC+)
Armour fits poorly on your strangely shaped body.
Your body sometimes deteriorates upon taking damage.
You are very frail. (-20% HP)
You are highly resistant to hostile enchantments. (MR++)
You occasionally shout uncontrollably at your foes.
Your spells are a little easier to cast, but a little less powerful.


Message History

The greater mummy points at you and mumbles some strange words.
Something smites you!
* * * LOW HITPOINT WARNING * * *
A mummy comes into view.
The shadow slips into darkness.
The shadow flickers and vanishes for a moment.
The mummy priest completely misses you. The emperor scorpion misses you.
The emperor scorpion claws you but does no damage.
You block the emperor scorpion's attack.
The emperor scorpion closely misses you.
You block the emperor scorpion's attack.
The emperor scorpion misses you.
You bludgeon the mummy priest!!
The mummy priest convulses!
The mummy priest is heavily damaged.
You feel yourself speed up. You block the rust devil's attack.
You block the hungry ghost's attack. Frederick hits you but does no damage.
The shadow hits you.
The mummy priest invokes the aid of its god against you.
Something smites you!
You die...

.............M...
.................
.................
...MVZMs.........
...z4MVMMss......
...#MV4MMMs....#.
..?M4WWsMZs..^...
....MWs@Ms4......
....zM48W3V......
.^.#§M.@3s.....#.
........W........
.................
.................
...............$.
.................


You could see 2 greater mummies, Frederick, 2 emperor scorpions, a spellforged
servitor (summoned), 2 mummy priests, 3 jiangshi, 2 flayed ghosts, a hellwing
(summoned), 2 guardian mummies, a rust devil (summoned), 2 smoke demons, a
hungry ghost (summoned), 3 chaos spawn, a vampire (summoned), a wraith
(summoned), 7 death scarabs, a shadow (summoned), a flying skull (summoned), 10
mummies, a wight (summoned), a shadow dragon zombie (summoned) and a shock
serpent zombie (summoned).

Vanquished Creatures
  Dissolution (Slime:4)
  the Royal Jelly (Slime:5)
  4 ancient liches
  Mennas (Vaults:4)
  Sojobo (Crypt:2)
  Boris (Tomb:2)
  2 greater mummies
  The ghost of Roocroe the Impregnable, a veteran MiGl of Hepliaklqana (Crypt:1)
  Margery (Depths:4)
  5 caustic shrikes (Depths:4)
  The ghost of heteroy the Petrodigitator, a veteran GrEE of Vehumet (Vaults:3)
  A golden dragon (Depths:5)
  Arachne (Spider:3)
  2 bone dragons
  A Tzitzimitl (Depths:2)
  6 liches
  2 tentacled monstrosities
  An Ice Fiend (IceCv)
  15 titans
  8 deep elf blademasters
  8 deep elf master archers
  23 acid blobs
  2 tentacled starspawn
  The ghost of Timpihef the Spry, an adept OpAK of Lugonu (Elf:1)
  2 quicksilver dragons
  5 storm dragons
  Frances (Swamp:2)
  A shadow dragon (shapeshifter) (Vaults:5)
  11 tengu reavers
  5 ancient champions
  11 sphinxes
  2 revenants (Tomb:1)
  2 thorn hunters
  A draconian monk (Abyss:3)
  2 shadow dragons (Vaults:5)
  16 fire giants
  3 ghost moths (Spider:4)
  22 frost giants
  12 deep elf sorcerers
  11 azure jellies
  19 vault wardens
  A caustic shrike zombie (D:15)
  2 draconian scorchers
  5 iron dragons
  2 curse skulls
  Aizul (Swamp:2)
  5 deep elf elementalists
  4 emperor scorpions
  2 orc warlords
  7 war gargoyles
  14 ironheart preservers
  19 very ugly things
  2 ghouls (Crypt:1)
  4 entropy weavers
  2 draconian annihilators
  A juggernaut skeleton (Crypt:2)
  Nessos (D:14)
  33 stone giants
  2 caustic shrike skeletons (D:15)
  5 spriggan defenders
  The ghost of struggle the Protected, a journeyman MiFi of Wu Jian (Lair:4)
  2 bennus
  7 black draconians
  6 green draconians
  3 deep elf demonologists (Elf:3)
  9 vampire knights
  2 red draconians (Tomb:1)
  6 deep elf annihilators
  A minotaur (Vaults:3)
  3 purple draconians
  4 white draconians
  5 spark wasps
  3 yellow draconians (Crypt:3)
  14 deep elf death magi
  10 ettins
  The ghost of Sadonosm the Carver, a journeyman DgSk (Lair:3)
  8 eidola
  17 fire dragons
  8 mummy priests (Tomb:1)
  7 death oozes
  2 merfolk impalers
  7 jiangshi
  13 yaktaur captains
  Snorg (D:14)
  6 deep elf high priests
  The ghost of Xeikkuus the Cleaver, a journeyman MiFi of Okawaru (D:11)
  The ghost of jeanjacques the Fighter, a journeyman BaAr of Qazlal (D:13)
  17 ice dragons
  11 ogre magi
  Harold (D:7)
  15 great orbs of eyes
  2 rakshasas
  3 ghost crabs
  33 vault guards
  3 shambling mangroves
  21 hydras
  5 spriggan air magi
  2 hell beasts
  7 centaur warriors
  2 death knights
  34 dancing weapons
  8 hell hogs
  A satyr (shapeshifter) (Depths:3)
  The ghost of Thomus the Cleaver, a novice MiBe of Trog (D:7)
  9 death scarabs (Tomb:1)
  5 tengu warriors
  The ghost of tensugalgo the Protected, a novice GnWn of Nemelex Xobeh (D:9)
  8 deep troll earth magi
  16 alligators
  8 deep troll shamans
  31 two-headed ogres
  6 vampire magi
  8 spriggan berserkers
  4 orc high priests
  3 soul eaters
  2 wretched stars
  20 hell knights
  36 deep elf knights
  Sonja (D:10)
  29 skeletal warriors
  5 small abominations
  3 fire crabs (shapeshifter)
  2 shadow wraiths (Depths:2)
  A salamander mystic (D:15)
  A shadow demon (Abyss:1)
  2 spectral anacondas (Depths:2)
  A storm dragon skeleton (Crypt:3)
  16 deep trolls
  A death drake (Depths:2)
  An anaconda zombie (Crypt:2)
  6 unseen horrors
  10 glowing orange brains
  5 wizards
  An infernal demonspawn (Depths:3)
  3 spriggan druids
  11 flayed ghosts
  4 large abominations
  2 orange crystal statues (Depths:2)
  27 deep elf archers
  A lindwurm (Lair:1)
  2 wolf spider zombies
  7 harpies (Vaults:2)
  14 swamp dragons
  18 orc knights
  27 phantasmal warriors
  8 necromancers
  15 ironbrand convokers
  A lindwurm (shapeshifter) (Depths:3)
  An iron dragon zombie (Crypt:2)
  3 mana vipers (Depths:2)
  Pikel (D:5)
  A sphinx zombie (Vaults:4)
  64 ugly things
  23 orb spiders
  9 cyclopes
  A frost giant zombie (Vaults:5)
  8 shining eyes
  A salamander (shapeshifter) (Vaults:5)
  4 salamanders
  47 wolf spiders
  2 manticores (D:10)
  4 draconians (Abyss:3)
  6 orc sorcerers
  A wolf spider (shapeshifter) (Depths:4)
  70 deep elf magi
  4 moths of wrath
  An elephant (shapeshifter) (Vaults:5)
  3 centaur zombies
  4 elephants (Lair:3)
  A fire giant skeleton (Vaults:1)
  A frost giant skeleton (D:15)
  A stone giant skeleton (Crypt:3)
  A rust devil (Depths:3)
  4 black mambas
  2 eyes of devastation (Slime:4)
  13 vault sentinels
  4 ice statues (IceCv)
  2 molten gargoyles (Lair:2)
  14 spiny frogs
  A dire elephant skeleton (Crypt:3)
  5 gargoyles
  A spiny frog (shapeshifter) (D:13)
  A kobold demonologist (Abyss:1)
  9 komodo dragons
  6 smoke demons
  4 orange demons
  A white draconian zombie (Crypt:2)
  5 freezing wraiths
  2 centaur skeletons
  8 demonic crawlers
  3 hellions
  4 rime drakes
  3 rime drakes (shapeshifter)
  4 spectral merfolk (Depths:2)
  63 yaktaurs
  A swamp worm zombie (Crypt:1)
  An ancient zyme (Abyss:1)
  A catoblepas skeleton (Crypt:2)
  A red draconian skeleton (Crypt:2)
  A yaktaur skeleton (Vaults:5)
  13 ice devils (IceCv)
  4 tengu conjurers
  A green draconian skeleton (Crypt:1)
  6 anaconda simulacra
  7 red devils
  A polar bear (shapeshifter) (Vaults:1)
  14 guardian mummies
  12 trolls
  A meliai (shapeshifter) (Vaults:2)
  A tengu simulacrum (Vaults:5)
  A meliai (D:9)
  A queen bee (shapeshifter) (Vaults:1)
  2 queen bees
  8 tyrant leeches
  7 polar bears
  45 jumping spiders
  Grinder (D:4)
  4 raiju
  40 hornets
  99 slime creatures
  2 dream sheep (Lair:6)
  An ettin zombie (Crypt:2)
  24 blink frogs
  8 bog bodies
  A meliai zombie (Crypt:2)
  A blink frog (shapeshifter) (Depths:3)
  13 hippogriffs
  An ice dragon zombie (Crypt:2)
  16 flying skulls
  An alligator skeleton (Crypt:3)
  An air elemental (Elf:1)
  101 redbacks
  15 shadows
  A centaur simulacrum (D:15)
  11 vampires
  17 wraiths
  A satyr skeleton (Crypt:2)
  2 fire bats (Volcano)
  35 tarantellas
  3 wyverns
  A fire elemental (Lair:2)
  2 ushabtiu
  51 yaks
  35 spriggans
  Eustachio (D:4)
  4 hogs (D:8)
  A hog (shapeshifter) (D:15)
  4 basilisks
  22 water elementals
  A dire elephant simulacrum (IceCv)
  6 golden eyes
  7 hungry ghosts
  17 humans
  A steam dragon (D:9)
  16 vampire mosquitoes
  A neqoxec (Abyss:2)
  2 harpy simulacra (IceCv)
  21 swamp worms
  2 two-headed ogre zombies (WizLab)
  13 wargs
  An iron troll simulacrum (IceCv)
  A soldier ant (shapeshifter) (D:13)
  A merfolk zombie (Crypt:2)
  7 hell hounds
  3 hydra simulacra
  A spectral troll (Depths:2)
  15 water moccasins
  2 spectral spriggans (Depths:2)
  2 floating eyes
  5 porcupines
  51 orc warriors
  An elf skeleton (Vaults:1)
  3 sky beasts
  A spiny frog skeleton (Crypt:2)
  12 swamp drakes
  4 ice beasts
  3 eyes of draining
  3 phantoms
  4 black bears
  A lindwurm zombie (Crypt:2)
  A slave (D:5)
  A necrophage (Crypt:1)
  25 centaurs
  An ogre (shapeshifter) (Vaults:5)
  11 boggarts
  An eye of draining (shapeshifter) (Vaults:5)
  35 ogres
  2 snapping turtle skeletons (Crypt:3)
  30 wolves
  A human skeleton (Vaults:4)
  A swamp dragon skeleton (Crypt:1)
  21 crocodiles
  4 big kobolds
  Blork the orc (D:4)
  14 bullfrogs
  A glowing shapeshifter simulacrum (Vaults:4)
  4 merfolk simulacra (Depths:2)
  2 earth elementals
  A gnoll sergeant (D:7)
  11 scorpions
  A warg skeleton (Crypt:2)
  2 water moccasin skeletons
  2 spectral ogres (Depths:2)
  9 troll zombies (WizLab)
  33 killer bees
  A spectral naga (Depths:2)
  21 wights
  2 human simulacra (Vaults:1)
  9 electric eels
  3 howler monkeys
  2 quasits
  2 bullfrog zombies
  A spectral centaur (Depths:2)
  8 starcursed masses (Abyss:3)
  12 hounds
  6 crimson imps
  An iron imp (Abyss:1)
  4 jellies
  35 orc priests
  A basilisk zombie (Crypt:2)
  2 bullfrog skeletons
  Jessica (D:3)
  A black bear skeleton (Crypt:1)
  7 iguanas
  14 worker ants
  Terence (D:2)
  35 orc wizards
  4 hell rats (Lair:3)
  2 polar bear simulacra (Lair:2)
  6 yak simulacra (Lair:2)
  2 wolf simulacra (Lair:2)
  6 ogre zombies (WizLab)
  2 hound skeletons
  17 mummies
  A worker ant zombie (D:5)
  15 gnolls
  A howler monkey skeleton (D:5)
  4 river rats (Lair:3)
  13 adders
  5 shadow imps
  A white imp (Abyss:3)
  An ufetubus (Depths:4)
  An ooze (D:5)
  An adder zombie (D:5)
  2 worms
  4 dart slugs
  9 leopard geckos
  116 orcs
  3 ball pythons (D:2)
  4 giant cockroaches
  17 goblins
  12 hobgoblins
  4 jackals
  5 quokkas
  A ball python zombie (D:5)
  4 bats
  14 frilled lizards
  A frilled lizard zombie (Crypt:1)
  A jackal skeleton (Crypt:2)
  A jackal zombie (D:5)
  28 kobolds
  A kobold skeleton (Crypt:1)
  2 leopard gecko skeletons
  A quokka skeleton (D:9)
  9 rats
  A river rat simulacrum (Lair:2)
  6 briar patches
  A crawling corpse (Elf:3)
  A withered plant (Crypt:3)
3016 creatures vanquished.

Vanquished Creatures (collateral kills)
  A bone dragon (Abyss:1)
  3 azure jellies (Slime:5)
  A stone giant (Tomb:1)
  A green death (Abyss:1)
  A death ooze (Slime:5)
  A guardian mummy (Tomb:2)
  A harpy zombie (Tomb:2)
  6 flying skulls
  3 ushabtiu (Tomb:2)
  2 mummies (Tomb:2)
20 creatures vanquished.

Vanquished Creatures (others)
  A tengu reaver (Crypt:2)
  A yellow draconian (Crypt:3)
  A hell hog (Abyss:3)
  A spriggan (Swamp:4)
  A deep elf archer (Elf:1)
  A deep elf mage (Elf:1)
  A harpy (shapeshifter) (Depths:2)
  A hornet (Swamp:4)
  A blink frog (Swamp:2)
  A shadow (D:13)
  A swamp drake (Swamp:4)
  A wolf (Depths:2)
  2 centaurs
  An orc priest (Orc:2)
  A briar patch (Swamp:3)
  A crawling corpse (Elf:3)
  7 fungi
  17 plants
  4 starspawn tentacles
  6 withered plants (Crypt:3)
51 creatures vanquished.

Grand Total: 3087 creatures vanquished

Notes
Turn   | Place    | Note
-------+----------+-------------------------------------------
     0 | D:1      | Delamore the Gargoyle Fighter began the quest for the Orb.
     0 | D:1      | Reached XP level 1. HP: 14/14 MP: 1/1
   241 | D:1      | Reached XP level 2. HP: 19/19 MP: 2/2
   660 | D:2      | Reached XP level 3. HP: 23/23 MP: 3/3
   753 | D:2      | Found a bloodstained altar of Trog.
   772 | D:2      | Found an iron altar of Okawaru.
   797 | D:2      | Became a worshipper of Warmaster Okawaru
   804 | D:2      | Noticed Terence
   995 | D:1      | Reached XP level 4. HP: 20/28 MP: 4/4
  1100 | D:2      | Killed Terence
  1341 | D:2      | Reached skill level 5 in Maces & Flails
  1535 | D:3      | Reached XP level 5. HP: 27/32 MP: 5/5
  1660 | D:3      | Noticed Jessica
  1669 | D:3      | Killed Jessica
  2162 | D:4      | Reached * piety under Okawaru
  2162 | D:4      | Reached XP level 6. HP: 37/37 MP: 6/6
  2295 | D:4      | Noticed Grinder
  2317 | D:4      | Paralysed by Grinder for 4 turns
  2329 | D:4      | Killed Grinder
  2329 | D:4      | Reached XP level 7. HP: 19/41 MP: 7/7
  2581 | D:4      | Reached ** piety under Okawaru
  2679 | D:4      | Noticed Blork the orc
  3087 | D:4      | Killed Blork the orc
  3190 | D:4      | Noticed Eustachio
  3234 | D:4      | Killed Eustachio
  3234 | D:4      | Reached XP level 8. HP: 46/46 MP: 8/8
  3425 | D:5      | Entered Level 5 of the Dungeon
  3582 | D:5      | Reached skill level 10 in Maces & Flails
  3636 | D:5      | Reached *** piety under Okawaru
  3724 | D:5      | Found a glowing golden altar of the Shining One.
  3773 | D:5      | Found an ancient bone altar of Kikubaaqudgha.
  3823 | D:5      | Found a staircase to the Ecumenical Temple.
  3846 | Temple   | Entered the Ecumenical Temple
  4102 | D:5      | Found Rayh's Antique Armour Boutique.
  4112 | D:5      | Bought a runed ring mail for 196 gold pieces
  4327 | D:5      | Noticed Pikel
  4343 | D:5      | Killed Pikel
  4343 | D:5      | Reached XP level 9. HP: 20/51 MP: 9/9
  4626 | D:6      | Found Nobraluk's Weapon Emporium.
  4635 | D:6      | Got a pair of distressingly furry gloves
  4645 | D:6      | Identified the +2 pair of gloves of the Dice {rF+ rC++
                  | Str+2 Slay-2} (You found it on level 6 of the Dungeon)
  5173 | D:6      | Reached **** piety under Okawaru
  5888 | D:7      | Found a transporter.
  5889 | D:7      | Found a transporter.
  5889 | D:7      | Noticed a moth of wrath
  5917 | D:7      | Found a bloodstained altar of Trog.
  5924 | D:7      | Noticed Thomus's ghost (novice MiBe)
  5926 | D:7      | Noticed a troll
  5934 | D:7      | Noticed a cyclops
  5985 | D:7      | Reached XP level 10. HP: 53/56 MP: 10/10
  6067 | D:7      | Found a shadowy altar of Dithmenos.
  6191 | D:7      | Noticed Harold
  6214 | D:7      | Killed Harold
  6214 | D:7      | Reached ***** piety under Okawaru
  6214 | D:7      | Received a gift from Okawaru
  7102 | D:7      | Got a slimy mace
  7103 | D:7      | Identified the +1 mace of Ufesurch {venom, Fragile Str+5}
                  | (You found it on level 7 of the Dungeon)
  7255 | D:7      | Found a sacrificial altar of Ru.
  7488 | D:8      | Found Dyngoska's Book Shoppe.
  7493 | D:8      | Noticed a two-headed ogre
  7664 | D:7      | Received a gift from Okawaru
  7724 | D:8      | Found a snail-covered altar of Cheibriados.
  7808 | D:8      | Killed a two-headed ogre
  7808 | D:8      | Reached skill level 15 in Maces & Flails
  8524 | D:8      | Found a white marble altar of Elyvilon.
  8578 | D:8      | Found a hazy altar of Hepliaklqana.
  8781 | D:8      | Reached XP level 11. HP: 54/60 MP: 11/11
  8784 | D:8      | Reached skill level 4 in Shields
  9035 | D:8      | Reached skill level 5 in Fighting
  9035 | D:8      | Reached skill level 5 in Shields
  9135 | D:9      | Received a gift from Okawaru
  9160 | D:9      | Found a transporter.
  9172 | D:9      | Found a transporter.
  9172 | D:9      | Noticed tensugalgo's ghost (novice GnWn)
  9271 | D:9      | Found a staircase to the Lair.
  9487 | D:9      | Reached skill level 6 in Shields
 10189 | D:9      | Found a staircase to the Orcish Mines.
 10326 | D:9      | Found a shimmering altar of Xom.
 10873 | D:7      | Killed a moth of wrath
 10873 | D:7      | Reached skill level 7 in Shields
 10892 | D:7      | Killed a cyclops
 10950 | D:7      | Killed Thomus's ghost
 11251 | D:10     | Entered Level 10 of the Dungeon
 11271 | D:10     | Reached skill level 8 in Shields
 11362 | D:10     | Found a bloodstained altar of Trog.
 11372 | D:10     | Received a gift from Okawaru
 11392 | D:10     | Reached XP level 12. HP: 70/75 MP: 12/12
 11406 | D:10     | Got a crude scale mail {god gift}
 11408 | D:10     | Noticed Sonja
 11454 | D:10     | Killed Sonja
 11487 | D:10     | Identified the +0 scale mail "Ifawne Toubb" {MR+ Stlth+}
                  | (Okawaru gifted it to you on level 10 of the Dungeon)
 11714 | D:10     | Reached skill level 9 in Shields
 12683 | D:11     | Found a flagged portal.
 12710 | Bailey   | Entered a bailey
 13472 | Bailey   | Found a roughly hewn altar of Beogh.
 13769 | D:11     | Reached skill level 10 in Fighting
 13771 | D:11     | Reached skill level 10 in Shields
 13810 | D:11     | Reached ****** piety under Okawaru
 14710 | D:12     | Found a runed translucent gate.
 14710 | D:12     | Found a runed translucent gate.
 14710 | D:12     | Noticed a frost giant
 14710 | D:12     | Noticed a four-headed hydra
 14710 | D:12     | Noticed Xeikkuus's ghost (journeyman MiFi)
 14713 | D:12     | Noticed a two-headed ogre
 14717 | D:12     | Noticed a two-headed ogre
 14718 | D:12     | Noticed a two-headed ogre
 14732 | D:12     | Killed a two-headed ogre
 14755 | D:12     | Found a runed translucent gate.
 14936 | D:12     | Paralysed by fainting for 5 turns
 15047 | D:11     | Received a gift from Okawaru
 15047 | D:11     | Reached skill level 11 in Shields
 15050 | D:11     | Got a steaming hat {god gift}
 15056 | D:11     | Identified the +0 hat "Ofalasei" {-Tele Regen+ Dex+3 SInv}
                  | (Okawaru gifted it to you on level 11 of the Dungeon)
 15524 | D:12     | Found an ancient bone altar of Kikubaaqudgha.
 15581 | D:12     | Reached XP level 13. HP: 28/84 MP: 13/13
 16016 | D:9      | Killed tensugalgo's ghost
 16150 | Lair:1   | Entered Level 1 of the Lair of Beasts
 16226 | Lair:1   | Found a dark tunnel.
 16288 | Volcano  | Entered a volcano
 16328 | Volcano  | Reached skill level 12 in Shields
 16477 | Volcano  | Reached skill level 13 in Shields
 16477 | Volcano  | Gained mutation: Your large and strong wings let you fly
                  | indefinitely. [Gargoyle growth]
 16477 | Volcano  | Reached XP level 14. HP: 94/94 MP: 14/14
 16875 | Lair:1   | Found a sparkling altar of Nemelex Xobeh.
 18319 | Lair:2   | Received a gift from Okawaru
 18702 | Lair:3   | Reached skill level 14 in Shields
 18797 | Lair:3   | Received a gift from Okawaru
 18943 | Lair:3   | Noticed Sadonosm's ghost (journeyman DgSk)
 18946 | Lair:3   | Found a runed translucent door.
 19271 | Lair:3   | Found a hole to the Spider Nest.
 19453 | Lair:3   | Killed Sadonosm's ghost
 20128 | Lair:4   | Found a transporter.
 20136 | Lair:4   | Found a bloodstained altar of Trog.
 20136 | Lair:4   | Identified the +5 spear "Wepeo" {speed, rC+}
 20137 | Lair:4   | Noticed struggle's ghost (journeyman MiFi)
 20142 | Lair:4   | Found a staircase to the Swamp.
 20143 | Lair:4   | Found a transporter.
 20337 | Lair:4   | Killed struggle's ghost
 20337 | Lair:4   | Received a gift from Okawaru
 20474 | Lair:4   | Reached XP level 15. HP: 101/101 MP: 15/15
 21062 | Lair:5   | Reached skill level 15 in Fighting
 21066 | Lair:5   | Reached skill level 15 in Shields
 22203 | Lair:6   | Entered Level 6 of the Lair of Beasts
 23357 | Lair:6   | Received a gift from Okawaru
 23384 | Lair:6   | Reached skill level 16 in Shields
 23669 | Lair:6   | Found a viscous altar of Jiyva.
 23669 | Lair:6   | Found a staircase to the Slime Pits.
 24326 | Orc:1    | Entered Level 1 of the Orcish Mines
 24549 | Orc:2    | Entered Level 2 of the Orcish Mines
 24714 | Orc:2    | Noticed an orc warlord
 24880 | Orc:2    | Received a gift from Okawaru
 25003 | Orc:1    | Killed an orc warlord
 25003 | Orc:1    | Received a gift from Okawaru
 25003 | Orc:1    | Reached skill level 1 in Invocations
 25750 | Orc:2    | Found Laim's Antique Armour Emporium.
 25751 | Orc:2    | Found Goqegiph's Antique Weapon Shoppe.
 25752 | Orc:2    | Found Gowkue's General Store.
 25752 | Orc:2    | Found Peomn's Jewellery Emporium.
 25756 | Orc:2    | Bought a potion of degeneration for 15 gold pieces
 25766 | Orc:2    | Bought a twisted kite shield for 304 gold pieces
 25776 | Orc:2    | Identified the +5 kite shield of the Shining Light {rCorr
                  | Dex+3} (You bought it in a shop on level 2 of the Orcish
                  | Mines)
 25781 | Orc:2    | Bought a bloodstained plate armour for 896 gold pieces
 25791 | Orc:2    | Identified the +5 plate armour "Jucs" {Int+6} (You bought
                  | it in a shop on level 2 of the Orcish Mines)
 25956 | Orc:2    | Found a roughly hewn altar of Beogh.
 26010 | Orc:2    | Found a staircase to the Elven Halls.
 26020 | Orc:2    | Found a roughly hewn altar of Beogh.
 26233 | Orc:1    | Found a bloodstained altar of Trog.
 26481 | D:12     | Reached XP level 16. HP: 110/111 MP: 12/19
 26712 | D:11     | Killed Xeikkuus's ghost
 26712 | D:11     | Reached skill level 5 in Invocations
 26739 | D:12     | Received a gift from Okawaru
 27436 | D:13     | Found a large runed translucent door.
 27439 | D:13     | Found a large runed translucent door.
 27440 | D:13     | Noticed jeanjacques's ghost (journeyman BaAr)
 27478 | D:13     | Killed jeanjacques's ghost
 27657 | D:13     | Noticed a tengu reaver
 27692 | D:13     | Killed a tengu reaver
 27790 | D:13     | Noticed a storm dragon
 27853 | D:13     | Killed a storm dragon
 28302 | D:14     | Found Gozag's Platinum Reserve.
 28317 | D:14     | Noticed Snorg
 28338 | D:14     | Killed Snorg
 28338 | D:14     | Reached skill level 17 in Shields
 28453 | D:14     | Found an opulent altar of Gozag.
 28518 | D:14     | Received a gift from Okawaru
 28521 | D:14     | Got a shimmering eveningstar {god gift}
 28522 | D:14     | Identified the +6 eveningstar "Nisidgh" {flame, rF- Str+3
                  | Int+2 Dex+7} (Okawaru gifted it to you on level 14 of the
                  | Dungeon)
 28551 | D:14     | Reached skill level 1 in Dodging
 28558 | D:14     | Reached skill level 1 in Evocations
 28560 | D:14     | Noticed Nessos
 28627 | D:14     | Killed Nessos
 28674 | D:14     | Found a gate to the Vaults.
 29062 | D:14     | Found a radiant altar of Vehumet.
 29297 | D:15     | Entered Level 15 of the Dungeon
 29335 | D:15     | Received a gift from Okawaru
 29538 | D:15     | Found a flickering gateway to a bazaar.
 29547 | Bazaar   | Entered a bazaar
 29551 | Bazaar   | Found Xadacet's Weapon Boutique.
 29569 | Bazaar   | Found Jiepp's Antique Armour Emporium.
 29586 | Bazaar   | Found Numavioj's Food Boutique.
 29603 | Bazaar   | Found Duahit's Weapon Shoppe.
 29887 | D:15     | Found a staircase to the Depths.
 29891 | D:15     | Reached XP level 17. HP: 95/118 MP: 22/22
 29900 | D:15     | Reached skill level 5 in Dodging
 30518 | Spider:1 | Entered Level 1 of the Spider Nest
 30836 | Spider:1 | Received a gift from Okawaru
 30921 | Spider:1 | Reached skill level 5 in Evocations
 31014 | Spider:1 | Gained mutation: You are covered in fur. (AC +1) [potion of
                  | mutation]
 31014 | Spider:1 | Gained mutation: You are partially covered in large bone
                  | plates. (SH +4) [potion of mutation]
 31137 | Spider:1 | Found a roughly hewn altar of Beogh.
 31354 | Spider:2 | Received a gift from Okawaru
 32301 | Spider:3 | Received a gift from Okawaru
 32487 | Spider:4 | Entered Level 4 of the Spider Nest
 32755 | Spider:4 | Received a gift from Okawaru
 32755 | Spider:4 | Reached XP level 18. HP: 115/125 MP: 23/23
 32816 | Spider:4 | Identified a +2 pair of boots of running (Okawaru gifted it
                  | to you on level 4 of the Spider Nest)
 32976 | Spider:4 | Noticed Arachne
 33008 | Spider:3 | Killed Arachne
 33477 | Spider:4 | Reached skill level 5 in Armour
 33521 | Spider:4 | Received a gift from Okawaru
 33983 | Spider:4 | Got a gossamer rune of Zot
 34281 | Swamp:1  | Entered Level 1 of the Swamp
 34452 | Swamp:1  | Identified the Disquisition on the Glacier and Summoning
 35016 | Swamp:2  | Noticed Aizul
 35049 | Swamp:2  | Killed Aizul
 35058 | Swamp:2  | Reached skill level 10 in Armour
 35064 | Swamp:2  | Received a gift from Okawaru
 35085 | Swamp:2  | Got a faintly glowing helmet {god gift}
 35103 | Swamp:2  | Identified the +1 helmet "Nahaim" {rF+ rCorr} (Okawaru
                  | gifted it to you on level 2 of the Swamp)
 35144 | Swamp:2  | Found a frozen archway.
 35162 | IceCv    | Entered an ice cave
 35346 | IceCv    | Noticed an Ice Fiend
 35357 | IceCv    | Killed an Ice Fiend
 35357 | IceCv    | Reached XP level 19. HP: 73/131 MP: 24/24
 35939 | Swamp:2  | Noticed Frances
 35964 | Swamp:2  | Killed Frances
 36429 | Swamp:3  | Found a transporter.
 36565 | Swamp:3  | Found a transporter.
 36572 | Swamp:3  | Got a steaming silver amulet
 36582 | Swamp:3  | Got a pair of shimmering boots
 36594 | Swamp:3  | Identified the cursed +0 pair of boots of Isiu {Regen+}
                  | (You found it on level 3 of the Swamp)
 36610 | Swamp:3  | Identified the amulet "Kioliaps" {Acrobat Fragile Str+2
                  | Dex+4 Slay+2} (You found it on level 3 of the Swamp)
 36626 | Swamp:3  | Received a gift from Okawaru
 37257 | Swamp:4  | Entered Level 4 of the Swamp
 37390 | Swamp:4  | Received a gift from Okawaru
 37587 | Swamp:4  | Reached skill level 15 in Armour
 37907 | Swamp:4  | Got a decaying rune of Zot
 38367 | Vaults:1 | Entered Level 1 of the Vaults
 38425 | Vaults:1 | Received a gift from Okawaru
 38431 | Vaults:1 | Got a slimy crystal plate armour {god gift}
 38470 | Vaults:1 | Identified the +6 crystal plate armour of the Desert
                  | {Int+5} (Okawaru gifted it to you on level 1 of the Vaults)
 38510 | Vaults:1 | Reached XP level 20. HP: 137/137 MP: 25/25
 39592 | Vaults:1 | Received a gift from Okawaru
 40647 | Vaults:2 | Received a gift from Okawaru
 40682 | Vaults:2 | Found a staircase to the Crypt.
 40827 | Vaults:2 | Reached skill level 10 in Dodging
 41080 | Vaults:2 | Received a gift from Okawaru
 41240 | Vaults:2 | Reached XP level 21. HP: 142/142 MP: 26/26
 42551 | Vaults:3 | Found a runed translucent gate.
 42551 | Vaults:3 | Found a runed translucent gate.
 42551 | Vaults:3 | Found a runed translucent gate.
 42553 | Vaults:3 | Noticed heteroy's ghost (veteran GrEE)
 42554 | Vaults:3 | Found an iron altar of Okawaru.
 42584 | Vaults:3 | Killed heteroy's ghost
 42625 | Vaults:3 | Got a heavily runed platinum ring
 42631 | Vaults:3 | Identified the ring of Yhi Tuav {rElec rC+ rN+} (You found
                  | it on level 3 of the Vaults)
 42798 | Vaults:3 | Received a gift from Okawaru
 43039 | Vaults:4 | Identified the +13 tower shield of the Forsaken Spines {MR+
                  | Dex+4}
 43039 | Vaults:4 | Noticed Mennas
 43046 | Vaults:4 | Reached skill level 18 in Shields
 43153 | Vaults:4 | Killed Mennas
 43431 | Vaults:4 | Received a gift from Okawaru
 43431 | Vaults:4 | Reached skill level 19 in Shields
 43629 | Vaults:4 | Found Posy's Assorted Antiques.
 43652 | Vaults:4 | Bought a glittering ivory ring for 135 gold pieces
 43652 | Vaults:4 | Identified the ring of Vamoacu {rElec MR+ Str+6 SInv} (You
                  | bought it in a shop on level 4 of the Vaults)
 43712 | Vaults:4 | Reached XP level 22. HP: 142/148 MP: 27/27
 44467 | Vaults:5 | Entered Level 5 of the Vaults
 44517 | Vaults:5 | Reached skill level 20 in Shields
 44802 | Vaults:5 | Received a gift from Okawaru
 44868 | Vaults:5 | Got a pair of distressingly furry gloves {god gift}
 44895 | Vaults:4 | Identified the +0 pair of gloves of Wiliy {Int+4} (Okawaru
                  | gifted it to you on level 5 of the Vaults)
 45077 | Vaults:5 | Reached skill level 21 in Shields
 45138 | Vaults:5 | Got a bloodstained eveningstar
 45139 | Vaults:5 | Identified the +10 eveningstar of the Thing {holy, Int+6
                  | Dex-4} (You found it on level 5 of the Vaults)
 45776 | Vaults:5 | Identified the +9 dagger of the Spheres {vorpal, Int+2}
 45776 | Vaults:5 | Identified the +11 triple crossbow of the Boiling Point
                  | {penet, rC- MR+ Str+3}
 45933 | Vaults:5 | Reached skill level 22 in Shields
 46009 | Vaults:5 | Received a gift from Okawaru
 46011 | Vaults:5 | Reached XP level 23. HP: 67/153 MP: 28/28
 46907 | Vaults:5 | Got a silver rune of Zot
 47026 | Vaults:5 | Reached skill level 23 in Shields
 47298 | Vaults:5 | Received a gift from Okawaru
 47467 | Vaults:5 | Got a pitted golden ring
 47473 | Vaults:5 | Identified the ring of the Lizard {rElec rPois Str+4
                  | Stlth+} (You found it on level 5 of the Vaults)
 47883 | Elf:1    | Entered Level 1 of the Elven Halls
 47933 | Elf:1    | Found a radiant altar of Vehumet.
 48021 | Elf:1    | Found a magical portal.
 48090 | WizLab   | Entered Zonguldrok's Shrine
 48316 | WizLab   | Reached skill level 24 in Shields
 48349 | WizLab   | Noticed an antique lich
 48356 | WizLab   | Killed an antique lich
 48364 | WizLab   | Found the +9 sword of Zonguldrok {reap}
 48752 | Elf:1    | Found a runed translucent door.
 48752 | Elf:1    | Found a shimmering altar of Xom.
 48752 | Elf:1    | Noticed Timpihef's ghost (adept OpAK)
 48789 | Elf:1    | Killed Timpihef's ghost
 48789 | Elf:1    | Received a gift from Okawaru
 49759 | Elf:1    | Reached XP level 24. HP: 153/159 MP: 28/28
 49921 | Elf:2    | Found a flickering gateway to a bazaar.
 49980 | Bazaar   | Entered a bazaar
 49996 | Bazaar   | Found Saasiqif's Book Shoppe.
 50011 | Bazaar   | Found Sox Ifankuxo's Armour Emporium.
 50011 | Bazaar   | Found Ero Jaemp's Antique Weapon Shoppe.
 50032 | Bazaar   | Found Bach's Book Emporium.
 50032 | Bazaar   | Found Sonys's Armour Shoppe.
 50053 | Bazaar   | Found Aseihug's Magic Scroll Emporium.
 50057 | Bazaar   | Bought a scroll of magic mapping for 42 gold pieces
 50057 | Bazaar   | Bought a scroll of blinking for 90 gold pieces
 50057 | Bazaar   | Bought a scroll of silence for 90 gold pieces
 50088 | Bazaar   | Bought a scroll of enchant weapon for 90 gold pieces
 50122 | Bazaar   | Bought a dazzling mace for 304 gold pieces
 50122 | Bazaar   | Identified the +8 mace "Hesusong" {drain, rElec rF+} (You
                  | bought it in a shop in a bazaar)
 50377 | Elf:2    | Reached skill level 25 in Shields
 50585 | Elf:2    | Found a runed translucent gate.
 50585 | Elf:2    | Found a runed translucent gate.
 50585 | Elf:2    | Found a runed translucent gate.
 51189 | Elf:3    | Entered Level 3 of the Elven Halls
 51370 | Elf:3    | Got a brightly glowing wooden ring
 51372 | Elf:3    | Identified the ring "Jotz" {MP+9 Int+2 Slay+3} (You found
                  | it on level 3 of the Elven Halls)
 51449 | Elf:3    | Received a gift from Okawaru
 51456 | Elf:3    | Got a pair of distressingly furry boots {god gift}
 51457 | Elf:3    | Identified the +3 pair of boots "Afyrchoo" {Str+3} (Okawaru
                  | gifted it to you on level 3 of the Elven Halls)
 52235 | Elf:3    | Identified the ring of the Louse {Wiz +Blink +Inv rF-
                  | Str+4}
 52249 | Elf:3    | Reached skill level 26 in Shields
 53062 | Elf:3    | Found the +2 ratskin cloak {+Rats rPois rN+ Str-1 Int-1
                  | Dex+1}
 53098 | Elf:3    | Identified Jomohev's Catalogue of Congealing Stones
 53131 | Elf:3    | Reached XP level 25. HP: 164/164 MP: 28/28
 53134 | Elf:3    | Got an ancient marble ring
 53204 | Elf:3    | Got an iridescent whip
 53206 | Elf:3    | Identified the +5 whip of Cablisaqik {antimagic, Int+3 SInv
                  | Stlth+} (You found it on level 3 of the Elven Halls)
 53207 | Elf:3    | Identified the ring "Asotrefovu" {rElec rF+ rC+ rCorr} (You
                  | found it on level 3 of the Elven Halls)
 53612 | Depths:1 | Entered Level 1 of the Depths
 53995 | Depths:1 | Received a gift from Okawaru
 54064 | Depths:1 | Reached XP level 26. HP: 132/170 MP: 28/28
 54579 | Depths:1 | Found a gateway to Hell.
 54676 | Depths:1 | Found a gateway to a ziggurat.
 54918 | Depths:2 | Reached skill level 27 in Shields
 55423 | Depths:2 | Received a gift from Okawaru
 55943 | Depths:2 | Found a one-way gate to the infinite horrors of the Abyss.
 56089 | Depths:2 | Paralysed by a floating eye for 4 turns
 56117 | Depths:2 | Got a pitted iron ring
 56124 | Depths:2 | Identified the ring "Fiamn" {rElec rPois rC+ Int+2 SInv}
                  | (You found it on level 2 of the Depths)
 56126 | Depths:2 | Reached XP level 27. HP: 179/179 MP: 28/28
 56658 | Depths:3 | Found Zujos's Antique Weapon Emporium.
 56732 | Depths:3 | Found a one-way gate leading to the halls of Pandemonium.
 56899 | Depths:3 | Found Zaroy's Assorted Antiques.
 57114 | Depths:3 | Found Comyuph's Food Shoppe.
 57196 | Depths:3 | Found Caffuuta's Armour Emporium.
 57390 | Depths:3 | Received a gift from Okawaru
 58218 | Depths:4 | Noticed Margery
 58230 | Depths:4 | Killed Margery
 58254 | Depths:4 | Received a gift from Okawaru
 58257 | Depths:4 | Got a faintly glowing morningstar {god gift}
 58263 | Depths:4 | Identified the +10 morningstar of Saefedai {freeze, rPois}
                  | (Okawaru gifted it to you on level 4 of the Depths)
 58646 | Depths:4 | Received a gift from Okawaru
 58687 | Depths:4 | Got a warped hat {god gift}
 58688 | Depths:4 | Identified the +0 hat of Mumblety Peg {rPois rCorr}
                  | (Okawaru gifted it to you on level 4 of the Depths)
 59492 | Depths:5 | Entered Level 5 of the Depths
 59863 | Depths:5 | Found a gate to the Realm of Zot.
 60385 | Depths:5 | Received a gift from Okawaru
 60711 | Depths:5 | Voluntarily entered the Abyss.
 60986 | Abyss:1  | Paralysed by you for 7 turns
 61017 | Abyss:2  | Found a corrupted altar of Lugonu.
 61049 | Abyss:2  | Gained mutation: You are clumsy. (Dex -2) [a neqoxec]
 61115 | Abyss:3  | Found a transporter.
 61276 | Abyss:3  | Got an abyssal rune of Zot
 61287 | Abyss:3  | Found a transporter.
 61287 | Abyss:3  | Noticed an ancient lich
 61296 | Abyss:3  | Killed an ancient lich
 61333 | Depths:5 | Escaped the Abyss
 61840 | D:5      | Fell from the grace of Okawaru
 61840 | D:5      | Became a worshipper of the Shining One
 61842 | D:5      | Lost mutation: You are covered in fur. (AC +1) [potion of
                  | mutation]
 61842 | D:5      | Lost mutation: You are partially covered in large bone
                  | plates. (SH +4) [potion of mutation]
 61842 | D:5      | Gained mutation: Your flesh is cold resistant. (rC+)
                  | [potion of mutation]
 61842 | D:5      | Gained mutation: You possess an exceptional clarity of
                  | mind. [potion of mutation]
 61843 | D:5      | Lost mutation: You possess an exceptional clarity of mind.
                  | [potion of mutation]
 61843 | D:5      | Lost mutation: You are clumsy. (Dex -2) [potion of
                  | mutation]
 61843 | D:5      | Gained mutation: You are resistant to hostile enchantments.
                  | (MR+) [potion of mutation]
 61843 | D:5      | Gained mutation: You are highly resistant to hostile
                  | enchantments. (MR++) [potion of mutation]
 62109 | Crypt:1  | Entered Level 1 of the Crypt
 62148 | Crypt:1  | Reached * piety under the Shining One
 62176 | Crypt:1  | Found a transporter.
 62176 | Crypt:1  | Noticed Roocroe's ghost (veteran MiGl)
 62179 | Crypt:1  | Found a transporter.
 62199 | Crypt:1  | Reached ** piety under the Shining One
 62215 | Crypt:1  | Killed Roocroe's ghost
 62240 | Crypt:1  | Got a clouded marble ring
 62250 | Crypt:1  | Identified the ring "Adokice" {Str+6 Int+6} (You found it
                  | on level 1 of the Crypt)
 62455 | Crypt:1  | Reached *** piety under the Shining One
 62735 | Crypt:1  | You fall into a shaft and drop 1 floor!
 62768 | Crypt:2  | Reached **** piety under the Shining One
 62884 | Crypt:2  | Reached ***** piety under the Shining One
 63478 | Crypt:2  | Noticed Sojobo
 63508 | Crypt:2  | Killed Sojobo
 64363 | Crypt:3  | Entered Level 3 of the Crypt
 64531 | Crypt:3  | Reached ****** piety under the Shining One
 64752 | Crypt:3  | Got a twitching iron ring
 64753 | Crypt:3  | Identified the ring "Quopnera" {Wiz *Drain rC+ rN+ Dex+2}
                  | (You found it on level 3 of the Crypt)
 65333 | Crypt:3  | Found a staircase to the Tomb.
 65369 | Crypt:3  | Noticed an ancient lich
 65381 | Crypt:3  | Killed an ancient lich
 66187 | Tomb:1   | Entered Level 1 of the Tomb of the Ancients
 66207 | Tomb:1   | Reached skill level 10 in Invocations
 67375 | Tomb:1   | Noticed a greater mummy
 67480 | Tomb:1   | Killed a greater mummy
 68388 | Slime:1  | Entered Level 1 of the Pits of Slime
 68614 | Slime:2  | Gained mutation: You are frail. (-10% HP) [a shining eye]
 69316 | Slime:3  | Gained mutation: You are very frail. (-20% HP) [a shining
                  | eye]
 69322 | Slime:3  | Gained mutation: Armour fits poorly on your strangely
                  | shaped body. [a shining eye]
 69326 | Slime:3  | Gained mutation: You are clumsy. (Dex -2) [a shining eye]
 69453 | Slime:3  | Was forgiven by Okawaru
 69916 | Slime:4  | Noticed Dissolution
 69925 | Slime:4  | Killed Dissolution
 70179 | Slime:4  | Paralysed by a floating eye for 3 turns
 70185 | Slime:4  | Paralysed by a floating eye for 3 turns
 70335 | Slime:4  | Gained mutation: Your spells are a little easier to cast,
                  | but a little less powerful. [a shining eye]
 70646 | Slime:5  | Entered Level 5 of the Pits of Slime
 70870 | Slime:5  | Gained mutation: You occasionally shout uncontrollably at
                  | your foes. [a shining eye]
 70875 | Slime:5  | Noticed the Royal Jelly
 71376 | Slime:5  | Killed the Royal Jelly
 71376 | Slime:5  | Reached skill level 15 in Invocations
 72305 | Slime:5  | Got a slimy rune of Zot
 72432 | Slime:5  | Gained mutation: Your body sometimes deteriorates upon
                  | taking damage. [a shining eye]
 72524 | Slime:5  | Gained mutation: Scrolls take you a little longer to read.
                  | [a shining eye]
 73850 | Tomb:2   | Noticed Frederick
 73852 | Tomb:2   | Noticed a greater mummy
 73852 | Tomb:2   | Noticed an ancient lich
 73854 | Tomb:2   | Noticed a greater mummy
 73855 | Tomb:2   | Noticed a greater mummy
 73864 | Tomb:2   | Killed an ancient lich
 73868 | Tomb:2   | Noticed Boris
 73875 | Tomb:2   | Killed a greater mummy
 73884 | Tomb:2   | Killed Boris
 73894 | Tomb:2   | HP: 11/228 [greater mummy/divine providence (12)]
 73895 | Tomb:2   | Killed from afar by a mummy priest

Illustrated notes

Levels and vault maps discovered:
D:1:      zaba_arrival_water, layout_loops_ring, minmay_box_of_dots
D:2:      layout_basic, nicolae_overflow_crystal_walls, lemuel_crystal_altar,
          uniq_terence
D:3:      layout_rooms, first_ration, uniq_jessica
D:4:      layout_loops_cross, uniq_eustachio, uniq_blork_the_orc, uniq_grinder
D:5:      layout_gridville, kiku_gazebo_pond_becter, minmay_temple_entry_mist,
          serial_shops, shop, tso_metal_star, uniq_pikel
D:6:      layout_cave_pools, serial_shops, shop
D:7:      layout_basic, grunt_dithmenos_shadows,
          gammafunk_ghost_wrathful_warriors, nicolae_ru_path_of_blood,
          uniq_harold
D:8:      layout_rooms, lemuel_crystal_altar, overflow_temple_1_default,
          serial_shops, nicolae_shop_crystal, basic_altar, grunt_livestock,
          nicolae_looking_at_the_future
D:9:      layout_loops_cross, lair_entry_dummy, erik_orc_3,
          gammafunk_ghost_hive, grunt_ministairs_3, xom_teletrap_fun
D:10:     minmay_chambers_of_sixes, layout_loops_cross, trog_ov_bears_minmay,
          uniq_sonja
D:11:     layout_loops_ring, enter_bailey_3, kennysheep_generic_room_10
D:12:     layout_loops_cross, basic_altar, gammafunk_ghost_split
D:13:     thingy_vault, layout_long_grid, ebering_ghost_disaster_area,
          minmay_statues_item, serial_bayou_lake_a
D:14:     layout_loops_corners, david_vaults_3, basic_altar,
          nicolae_gozag_zags_fifth_avenue, uniq_snorg
D:15:     gammafunk_depths_entry_grave, layout_rooms, serial_shops,
          bzr_entry_water, chequers_mini_garden
Temple:   nicolae_temple_elliptical
Lair:1:   lemuel_reptile_caves, layout_long_grid, basic_altar,
          nicolae_volcano_entry_vermiform, st_stairs_13
Lair:2:   layout_gridlike, eino_house_with_fridge
Lair:3:   layout_layer_cave, spider_nest_entry_webs,
          hellmonk_ghost_happy_afterlife, kennysheep_abandoned_house
Lair:4:   layout_gridlike, minmay_swamp_entry_worms,
          gammafunk_ghost_wrathful_warriors, uniq_nessos
Lair:5:   layout_layer_cave
Lair:6:   minmay_lair_end_enchanted_forest, layout_loops_ring, slime_altar_1,
          minivault_26, minivault_19
Swamp:1:  layout_falls_marsh, hangedman_swamp_ruin_wall, swamp_pool2
Swamp:2:  layout_basic_swamp, portal_ice_cave_entry_pillars_1,
          hangedman_swamp_cone, swamp_pool4, infiniplex_staircase_pool,
          uniq_aizul, uniq_frances
Swamp:3:  gammafunk_worm_tunnel, layout_falls_marsh, evilmike_swamp_ruin_house_4
Swamp:4:  swamp_basic_johnstein, layout_basic_swamp
Spider:1: nicolae_spider_mines_2, drop_trap
Spider:2: layout_spider_delve
Spider:3: layout_spider_delve, spiders_nest_spider_trap
Spider:4: grunt_spider_rune_parallel, nicolae_arachne_temple, uniq_arachne
Slime:1:  layout_caves
Slime:2:  layout_caves
Slime:3:  layout_caves
Slime:4:  layout_caves, dissolution_awaits
Slime:5
Orc:1:    layout_diamond_mine, serial_shops, shop, trog_hazing_becter
Orc:2:    st_orc_congregation, layout_caves, basic_altar, minmay_orc_temple_a
Elf:1:    eino_elf_arrival_altar, layout_onion_city, ebering_ghost_xom,
          infiniplex_enter_wizlab_water, hangedman_elf_represent
Elf:2:    layout_loops_cross, serial_shops, bzr_entry_dummy, kb_rosetta
Elf:3:    elf_hall, layout_onion_city, st_stairs_14, hex_large,
          guppyfry_elf_castle
Vaults:1: grunt_vaults_bifocal, v_misc_16, vaults_room_grunt_arrival_ludios,
          v_misc_8, dpeg_vaults_monster_box, ontoclasm_vaults_twist,
          nicolae_vaults_quartermaster, hangedman_vaults_corner_blocks,
          vaults_dpeg_hooks, vaults_dpeg_cross, layout_vaults_omnicross
Vaults:2: v_rooms_2, minmay_crypt_entry_simple_walls, vaults_room_ringed_pool,
          nicolae_vaults_twisting_passages, hangedman_vaults_stream,
          ontoclasm_vaults_bender, nicolae_vaults_network_periphery,
          nicolae_vaults_theta, v_misc_23, layout_vaults_chaotic_city
Vaults:3: gammafunk_vaults_ghost_fury_of_okawaru, vaults_standard_mumra_lines,
          vaults_room_door_ring, grunt_vaults_funnel, hangedman_vaults_nodes,
          v_alt_pattern_1, v_misc_5, st_more_cells, vaults_standard_mumra_x,
          vaults_room_octagon, ontoclasm_vaults_ligature,
          vaults_room_semicircle, nicolae_vaults_circle_grid_b,
          vaults_room_corners, vaults_room_semicircle, layout_vaults_maze
Vaults:4: v_misc_18, nicolae_vaults_little_ls, nicolae_vaults_alarming,
          nicolae_vaults_an_arrangement, nicolae_vaults_three_branches,
          dpeg_vaults_monster_row, ontoclasm_vaults_decontamination,
          nicolae_vaults_mini_display_case, nicolae_vaults_rhombus_5,
          vaults_dpeg_ring, layout_vaults_ring, serial_shops, shop, uniq_mennas
Vaults:5: serial_shops
Crypt:1:  layout_regular_city, gammafunk_ghost_arena, grunt_megastairs_2,
          grunt_crypt_arrival_webbed
Crypt:2:  layout_gridlike, minivault_4, grunt_megastairs_1, uniq_sojobo
Crypt:3:  quadcrypt_mu
Tomb:1
Tomb:2:   uniq_boris, uniq_frederick
Depths:1: layout_cave_pools, enter_ziggurat_b, hell_entry,
          ebering_dispersal_statue_hall, lemuel_flames_and_gold
Depths:2: lemuel_river_lethe, abyss_entry, hell_entry, serial_shops
Depths:3: minmay_the_grid_octo_triangle [minmay_the_grid_octo_clover,
          minmay_the_grid_octo_prize_big_c, minmay_the_grid_octo_clover_2],
          layout_gridlike, rand_demon_pan_entry_5, hangedman_geh_valley,
          serial_shops, nicolae_shop_statue_plus, nicolae_shop_waterfront, shop,
          nicolae_shop_statue_plus, wad_floor_pattern_2, abyss_entry_crystal,
          dk_noncrumbling_4
Depths:4: wad_arrow_thing, layout_cave_pools, grunt_hell_entry_dis_mu,
          kennysheep_doodads, grunt_pan_entry_spiral, abyss_entry,
          grunt_ministairs_1, uniq_margery
Depths:5: grunt_crosshair, layout_cave_pools, abyss_entry, hell_entry,
          minmay_misc_feat_secret_circle, corner_web_ring, kennysheep_kite_vault

Skill      XL: |  1  2  3  4  5  6  7  8  9 10 11 12 13 14 15 16 17 18 19 20 21 22 23 24 25 26 27 |
---------------+----------------------------------------------------------------------------------+-----
Maces & Flails | 3 4 5 6 7 9 11 13 15 16 | 16.0
Fighting       | 8 11 13 14 16 17 18 20 24 | 24.3
Shields        | 8 11 13 14 16 17 19 22 24 26 27 | 27.0
Invocations    | 4 7 17 | 17.4
Dodging        | 4 8 9 10 | 10.7
Evocations     | 3 6 7 |  7.0
Armour         | 11 16 18 20 21 25 | 25.3

Action                   |  1- 3 |  4- 6 |  7- 9 | 10-12 | 13-15 | 16-18 | 19-21 | 22-24 | 25-27 || total
-------------------------+-------+-------+-------+-------+-------+-------+-------+-------+-------++-------
Melee: Flail             |   108 |    16 |       |       |       |       |       |       |       ||   124
       Mace              |       |   103 |   180 |   935 |  2377 |   496 |       |       |       ||  4091
       Whip              |       |       |   290 |   187 |       |       |       |       |       ||   477
       Eveningstar       |       |       |       |       |       |  1426 |  1817 |  1745 |  3253 ||  8241
Throw: Javelin           |       |       |       |    35 |     6 |    11 |     5 |       |     3 ||    60
       Throwing net      |       |       |       |     3 |     1 |     1 |       |       |       ||     5
       Dart              |       |       |       |    10 |     5 |       |       |       |       ||    15
Invok: Heroism           |       |       |     1 |     2 |     5 |     5 |     3 |     4 |     1 ||    21
       Finesse           |       |       |       |     1 |     8 |     8 |     5 |     4 |     5 ||    31
       Summon Divine War |       |       |       |       |       |       |       |       |     6 ||     6
       Divine Shield     |       |       |       |       |       |       |       |       |     5 ||     5
       Cleansing Flame   |       |       |       |       |       |       |       |       |     4 ||     4
 Abil: Fly               |       |       |       |       |       |     1 |       |     1 |     2 ||     4
       Stop Flying       |       |       |       |       |       |       |     1 |     1 |     2 ||     4
Evoke: Wand              |       |     1 |     3 |    10 |     1 |       |       |       |       ||    15
  Use: Scroll            |       |     4 |     1 |     5 |    17 |     7 |     7 |    12 |    19 ||    72
       Potion            |       |       |       |     3 |     6 |     3 |       |     2 |    10 ||    24
 Stab: Sleeping          |       |       |       |     4 |    11 |       |       |       |       ||    15
       Distracted        |       |       |       |       |     1 |       |       |       |       ||     1
       Held in net/web   |       |       |       |       |       |     5 |       |       |       ||     5
       Confused          |       |       |       |       |       |       |     6 |       |     1 ||     7
  Eat: Chunk             |       |     5 |     8 |    31 |    38 |    24 |    27 |    27 |    36 ||   196
       Ration            |       |       |     1 |     2 |       |     2 |       |     1 |    10 ||    16
Armor: Scale mail        |    95 |    55 |    79 |   293 |  1053 |       |       |       |       ||  1575
       Ring mail         |       |       |   110 |   311 |       |       |       |       |       ||   421
       Plate armour      |       |       |       |       |    53 |   974 |   260 |       |       ||  1287
       Crystal plate arm |       |       |       |       |       |       |   318 |   415 |  1055 ||  1788
Dodge: Dodged            |    59 |    30 |    97 |   315 |   673 |   688 |   521 |   253 |   677 ||  3313
Block: Kite shield       |    95 |    59 |   184 |   686 |  2003 |  2321 |  2014 |   517 |       ||  7879
       Tower shield      |       |       |       |       |       |       |       |  1501 |  4947 ||  6448
